AoeStats
← _Orca_

MegaRandom

508541588Analyzed
3v3 RM · 8d ago on Sep 22, 2026· 48m 57s· 6 players
Game mode
Random Map
Map size
Normal (6 player)
Population
200
Speed
Normal
Resources
Standard
Victory
Conquest
Starting age
Dark Age
Ending age
Imperial Age
RankedLock teamsTeams togetherTeam positionsShared explorationLock speedFull tech treeHidden civsTurbo modeCheats
Victory
Defeat
🇲🇽 Celts · Mexico
1377
+18
🇧🇩 Varangians · Bangladesh
1374
+18
🇪🇸 Ethiopians · Spain
1315
+20
🇺🇸 Saxons · United States
1432
-19
🇨🇦 Varangians · Canada
1428
-19
🇺🇸 Danes · United States
1394
-18
botas.el.gato
3:05 Loom
13:59 Feudal Age
14:40 Double-Bit Axe
25:06 Fletching
30:19 Castle Age
29:30 Padded Archer Armor
30:32 Scale Mail Armor
32:27 Pikeman
36:27 Arson
36:47 Bodkin Arrow
41:42 Forging
43:55 Chain Mail Armor
51:43 Imperial Age
_Orca_
5:19 Loom
11:45 Feudal Age
15:24 Fletching
15:35 Padded Archer Armor
17:09 Double-Bit Axe
23:42 Castle Age
22:01 Bloodlines
22:04 Horse Collar
22:32 Scale Barding Armor
24:00 Crossbowman
24:36 Bodkin Arrow
24:45 Husbandry
28:47 Gold Mining
30:50 Town Watch
32:15 Wheelbarrow
34:37 Leather Archer Armor
41:53 Hand Cart
42:06 Forging
44:05 Chain Barding Armor
44:21 Iron Casting
MPW_SCRaTCH
3:05 Loom
12:19 Feudal Age
12:55 Double-Bit Axe
14:38 Fletching
18:07 Horse Collar
21:19 Wheelbarrow
21:19 Town Watch
26:01 Castle Age
24:48 Gold Mining
26:02 Crossbowman
26:39 Bodkin Arrow
26:44 Padded Archer Armor
26:51 Thumb Ring
28:15 Ballistics
30:09 Heavy Plow
34:41 Town Patrol
35:59 Bow Saw
40:04 Imperial Age
40:05 Arbalester
40:46 Bracer
41:01 Leather Archer Armor
41:08 Conscription
41:50 Chemistry
42:31 Two-Man Saw
46:40 Gold Shaft Mining
45:55 Stone Mining
48:40 Elite Shotel Warrior
49:36 Forging
49:26 Scale Mail Armor
49:15 Arson
49:30 Squires
GOAT Gobz
3:41 Loom
15:55 Feudal Age
24:56 Fletching
30:24 Horse Collar
33:25 Wheelbarrow
35:48 Scale Barding Armor
37:00 Bloodlines
37:29 Forging
42:48 Castle Age
43:17 Double-Bit Axe
Ice2207
10:40 Loom
12:50 Feudal Age
16:39 Castle Age
15:14 Fletching
19:02 Castle Age
17:01 Double-Bit Axe
17:47 Gold Mining
18:49 Bloodlines
18:42 Padded Archer Armor
19:43 Bodkin Arrow
28:42 Ballistics
32:54 Horse Collar
33:28 Elite Skirmisher
34:32 Heavy Plow
37:03 Scale Mail Armor
37:44 Wheelbarrow
40:05 Leather Archer Armor
40:06 Chain Mail Armor
40:11 Forging
40:59 Squires
44:54 Imperial Age
45:15 Iron Casting
45:12 Masonry
45:39 Bracer
46:10 Ring Archer Armor
48:42 Conscription
R00FT0P CG
3:16 Loom
11:52 Feudal Age
13:50 Fletching
16:42 Double-Bit Axe
18:25 Padded Archer Armor
22:58 Wheelbarrow
26:43 Castle Age
26:35 Man-at-Arms
27:32 Long Swordsman
29:31 Pikeman
32:25 Bodkin Arrow
39:15 Scale Mail Armor
45:07 Horse Collar
Connection lost

Rejoining the realm…

Still unreachable

The connection could not be restored.

Session expired

The server has moved on; the page needs a fresh start.